 Dungeon Crawl Stone Soup version 0.23.1-37-gaa34b87 (webtiles) character file.

Game seed: 10573455351203096255

175 Fang the Skirmisher (level 5, -1/34 HPs)
             Began as a Gargoyle Berserker on Mar 22, 2019.
             Was a Believer of Trog.
             Killed from afar by an orc wizard (7 damage)
             ... with a magic dart
             ... on level 2 of the Dungeon.
             The game lasted 00:01:37 (1811 turns).

Fang the Skirmisher (Gargoyle Berserker)            Turns: 1811, Time: 00:01:38

Health: -1/34      AC:  6    Str: 22    XL:     5   Next: 55%
Magic:  5/5        EV: 12    Int:  7    God:    Trog [**....]
Gold:   92         SH:  0    Dex:  9    Spells: 4/4 levels left

rFire    . . .     SeeInvis .   a - +0 hand axe
rCold    . . .     Gourm    .   (no shield)
rNeg     + . .     Faith    .   b - +0 animal skin
rPois    ∞         Spirit   .   (no helmet)
rElec    +         Reflect  .   (no cloak)
rCorr    .         Harm     .   (no gloves)
MR       .....                  (no boots)
Stlth    +.........             (no amulet)
HPRegen  0.11/turn              (no ring)
MPRegen  0.09/turn              (no ring)

@: confused, berserk cooldown, slowed, very slow
A: negative energy resistance 1, electricity resistance, unbreathing,
petrification resistance, rot immunity, AC +4
a: Berserk, Trog's Hand, Renounce Religion


You were on level 2 of the Dungeon.
You worshipped Trog.
Trog was pleased with you.
You were hungry.

You visited 1 branch of the dungeon, and saw 2 of its levels.

You collected 92 gold pieces.

Inventory:

Hand Weapons
 a - a +0 hand axe (weapon)
Armour
 b - a +0 animal skin (worn)
Jewellery
 f - a cursed ring of teleportation {unknown}
 k - a +5 ring of intelligence {unknown}
Scrolls
 d - 6 scrolls of identify {unknown}
 g - a scroll of teleportation {unknown}
 i - a scroll of enchant armour {unknown}
 j - a scroll of amnesia {unknown}
 n - a scroll of fear {unknown}
 p - a scroll of random uselessness {unknown}
Potions
 e - a potion of berserk rage {unknown}
 h - 2 potions of flight {unknown}
 l - a potion of curing {unknown}
 m - a potion of resistance {unknown}
 o - a potion of cancellation {unknown}
Comestibles
 c - 8 rations
 q - 2 chunks of flesh


   Skills:
 + Level 4.4 Fighting
 + Level 3.6 Axes
 + Level 3.5 Armour
 + Level 2.6 Dodging


You had 4 spell levels left.
You didn't know any spells.
Your spell library was empty.

Dungeon Overview and Level Annotations

Branches:
Dungeon (2/15)

Altars:
Elyvilon


Innate Abilities, Weirdness & Mutations

You are resistant to torment.
Your stone body is resilient. (AC +4)
You are immune to poison.
You resist negative energy. (rN+)
You are resistant to electric shocks. (rElec)
You can survive without breathing.
You are immune to petrification.
You are immune to rotting.


Message History

You miss something. Something hits you but does no damage.
You hear some strange, mumbled words.
You are more confused.
Things that are here:
a +0 dagger; a +0 robe
Things that are here:
a +0 short sword; a +0 leather armour You bump into the rock wall.
You hear some strange, mumbled words.
A magic dart appears from out of thin air!
The magic dart hits you.
You hear some strange, mumbled words.
A magic dart appears from out of thin air!
The magic dart hits you.
* * * LOW HITPOINT WARNING * * *
You bump into the rock wall.
You hear some strange, mumbled words.
A magic dart appears from out of thin air!
The magic dart hits you!
You die...

############
#..........#
#.########.#
#.# #.# #)#
#.# # #@#
#.# # #{#
#(#######
#)#
#....÷...
#.#
#########
#.# #.# #..
###


There were no monsters in sight!

Vanquished Creatures
  An orc priest (D:2)
  3 orc wizards (D:2)
  3 worms (D:2)
  A leopard gecko (D:2)
  3 orcs (D:2)
  3 bats
  2 giant cockroaches
  2 goblins (D:2)
  6 hobgoblins
  2 jackals (D:1)
  6 kobolds
  A ball python (D:2)
  3 frilled lizards
  3 rats
39 creatures vanquished.

Vanquished Creatures (others)
  An orc wizard (D:2)
1 creature vanquished.

Grand Total: 40 creatures vanquished

Notes
Turn   | Place    | Note
-------+----------+-------------------------------------------
     0 | D:1      | Fang the Gargoyle Berserker began the quest for the Orb.
     0 | D:1      | Reached XP level 1. HP: 14/14 MP: 1/1
   384 | D:1      | Reached XP level 2. HP: 18/19 MP: 2/2
   815 | D:2      | Reached XP level 3. HP: 6/24 MP: 3/3
  1208 | D:2      | Reached XP level 4. HP: 10/29 MP: 4/4
  1439 | D:2      | Reached ** piety under Trog
  1476 | D:2      | Found a white marble altar of Elyvilon.
  1532 | D:2      | Reached skill level 4 in Fighting
  1795 | D:2      | Reached XP level 5. HP: 28/33 MP: 5/5
  1811 | D:2      | Killed from afar by an orc wizard

Skill      XL: |  1  2  3  4 |
---------------+-------------+-----
Axes           | 3 |  3.6
Dodging        | 2 |  2.6
Armour         | 3 |  3.5
Fighting       | 4 |  4.4

Action                   |  1- 3 |  4- 6 || total
-------------------------+-------+-------++-------
Melee: Hand axe          |    83 |    65 ||   148
Invok: Berserk           |     2 |     1 ||     3
  Eat: Chunk             |     3 |     2 ||     5
Armor: Animal skin       |    30 |    22 ||    52
Dodge: Dodged            |    55 |    28 ||    83
